 Dungeon Crawl Stone Soup version 0.31-a0-1338-gb567cfdca4 (webtiles) character file.

Game seed: 8305579466294879966

28735 olourkin the Severer (level 13, -5/118 HPs)
             Began as a Minotaur Berserker on Dec 22, 2023.
             Was a High Priest of Trog.
             Incinerated by a deep elf pyromancer (13 damage)
             ... with a pyre arrow
             ... on level 12 of the Dungeon.
             The game lasted 01:17:30 (16823 turns).

olourkin the Severer (Minotaur Berserker)          Turns: 16823, Time: 01:17:31

Health: -5/118     AC: 22    Str: 30    XL:     13   Next: 11%
Magic:  4/4        EV: 11    Int:  4    God:    Trog [*****.]
Gold:   1660       SH:  0    Dex: 17    Spells: 12/12 levels left

rFire   . . .        A - +4 broad axe (antimagic)
rCold   . . .        u - +1 kite shield
rNeg    . . .        y - +2 plate armour {rPois}
rPois   +            (helmet restricted)
rElec   .            J - +0 cloak of Immorality {+Blink Will+ Str+4}
rCorr   .            g - +0 pair of gloves
SInv    .            (no boots)
Will    +....        n - amulet of reflection Stlth
                     L - +4 ring of protection
HPRegen 0.39/turn    X - +6 ring of dexterity
MPRegen 0.09/turn

%: reflection
@: confused, on fire, ambrosia-drunk, glowing
A: horns 2, retaliatory headbutt
a: Renounce Religion, Evoke Blink, Berserk, Trog's Hand, Brothers in Arms


You were on level 12 of the Dungeon.
You worshipped Trog.
Trog was extremely pleased with you.
You visited 2 branches of the dungeon, and saw 14 of its levels.
You also visited: Volcano.

You collected 1992 gold pieces.
You spent 332 gold pieces at shops.

Inventory:

Hand Weapons
 a - a +4 war axe
 j - a +1 heavy battleaxe
 A - a +4 antimagic broad axe (weapon)
 Q - a +6 battleaxe of pain
 Y - a +0 battleaxe of flaming
 Z - a +4 executioner's axe
Missiles
 h - 93 stones
 q - a curare-tipped dart
 x - 24 poisoned darts
 B - 10 javelins
 C - 11 boomerangs (quivered)
Armour
 f - a +1 cloak
 g - a +0 pair of gloves (worn)
 u - a +1 kite shield (worn)
 y - a +2 plate armour of poison resistance (worn)
 I - a +2 chain mail of fire resistance
 J - the +0 cloak of Immorality (worn) {+Blink Will+ Str+4}
   (You bought it in a shop on level 2 of the Orcish Mines)

   Str+4:     It affects your strength (+4).
   Will+:     It increases your willpower.
   +Blink:    It lets you blink.
Jewellery
 k - a ring of positive energy
 n - an amulet of reflection (around neck)
 E - a ring of resist corrosion
 H - an amulet of guardian spirit
 L - a +4 ring of protection (left hand)
 M - a ring of poison resistance
 X - a +6 ring of dexterity (right hand)
Wands
 b - a wand of digging (4)
 F - a wand of polymorph (11)
 G - a wand of flame (32)
 K - a wand of mindburst (11)
 R - a wand of quicksilver (6)
 S - a wand of paralysis (3)
Scrolls
 d - 7 scrolls of teleportation
 i - 2 scrolls of enchant armour
 l - 6 scrolls of identify
 m - a scroll of enchant weapon
 o - 2 scrolls of immolation {!r}
 p - 2 scrolls of butterflies
 t - a scroll of blinking
 z - 2 scrolls of amnesia
 O - a scroll of fog {unknown}
 U - a scroll of poison {!r}
 W - 2 scrolls of fear
Potions
 c - 5 potions of curing
 r - 4 potions of brilliance
 s - 2 potions of magic
 v - 5 potions of enlightenment
 w - a potion of resistance
 D - 2 potions of berserk rage
 N - 2 potions of might
 P - a potion of haste
 T - a potion of heal wounds


   Skills:
 + Level 12.1 Fighting
 + Level 16.4 Axes
 + Level 7.1 Throwing
 - Level 8.0 Armour
 - Level 7.3 Dodging
 + Level 11.4 Shields
 + Level 1.8 Evocations


You had 12 spell levels left.
You didn't know any spells.
Your spell library was empty.

Dungeon Overview and Level Annotations

Branches:
Dungeon (12/15)            Temple (0/1) D:4            Lair (0/5) D:10
    Orc (2/2) D:11            Elf (0/3) Orc:2       Volcano (visited)

Altars:
Ashenzari
Cheibriados
Hepliaklqana
Makhleb
Nemelex Xobeh
Okawaru
Qazlal
Ru
Uskayaw
Wu Jian
Xom
Yredelemnul
The Shining One

Shops:
Orc:2 :*[(*

Portals:
Trove: D:10 (give 6 scrolls of fear)

Annotations:
Orc:1 4 transporters


Innate Abilities, Weirdness & Mutations

You have a pair of horns on your head.
You reflexively headbutt those who attack you in melee.


Message History

You slash the deep elf pyromancer!
The deep elf pyromancer's magic leaks into the air.
You headbutt the deep elf pyromancer!
The deep elf pyromancer is severely wounded.
The liquid fire burns you!
The deep elf pyromancer falters for a moment.
You barely miss the deep elf pyromancer.
The deep elf pyromancer is severely wounded.
The liquid fire burns you!
The deep elf pyromancer points at you and mumbles some strange words.
You block the pyre arrow... and reflect it back!
The pyre arrow hits the deep elf pyromancer.
You hit the deep elf pyromancer.
The deep elf pyromancer's magic leaks into the air.
The deep elf pyromancer is almost dead.
The liquid fire burns you!
The deep elf pyromancer burns!
The deep elf pyromancer dies!
Trog accepts your kill.
Trog appreciates your killing of a magic user.
You are on fire!
You are on fire!
The liquid fire burns you! The liquid fire burns you!
* * * LOW HITPOINT WARNING * * *
The liquid fire burns you!
* * * LOW HITPOINT WARNING * * *
You feel better. The liquid fire burns you!
* * * LOW HITPOINT WARNING * * *
The liquid fire burns you!
* * * LOW HITPOINT WARNING * * *
The liquid fire burns you!
* * * LOW HITPOINT WARNING * * *
The liquid fire burns you!
* * * LOW HITPOINT WARNING * * *
You are confused.
You feel invigorated. The liquid fire burns you!
You die...

######.......############
.....#.......#...........
.....#..>....#...<.......
.....#.......#...........
.....#.......#...........
.....#.......#.^.........
######.......#.##...###..
....####'#####.##...### .
....#.......>...@)....#
>.....................#
.~≈≈..................#
.##≈≈.................#
..##≈.######################
.:.#≈.## ..................#
....≈..# ..... #...........#
...#≈..# .....##...........#
..##≈..# #.............[..#


There were no monsters in sight!

Vanquished Creatures
  2 orc warlords (Orc:1)
  2 two-headed ogres
  3 orc high priests (Orc:2)
  2 skeletal warriors (Volcano)
  An arcanist (D:11)
  2 anaconda skeletons (Volcano)
  3 orc knights
  5 orc sorcerers
  A deep elf pyromancer (D:12)
  A cyclops (D:12)
  2 alligator skeletons (Volcano)
  2 manticores (D:12)
  A kobold blastminer (Orc:2)
  4 gargoyles (Volcano)
  Maggie (D:6)
  6 trolls
  A harpy skeleton (Volcano)
  3 slime creatures
  3 flying skulls (Volcano)
  3 wraiths (D:11)
  A shadow (D:10)
  A vampire (D:9)
  2 basilisks (D:10)
  3 wyverns
  3 steam dragons
  2 wargs (Orc:2)
  2 acid dragons
  A water moccasin (D:10)
  5 black bears
  A sky beast (D:8)
  33 orc warriors
  3 ice beasts
  7 ogres
  4 centaurs
  A phantom (D:5)
  5 bullfrogs
  2 kobold brigands
  A gnoll sergeant (D:8)
  A scorpion (D:10)
  2 water moccasin zombies (D:5)
  10 wights
  16 killer bees
  A troll skeleton (Volcano)
  3 spriggan skeletons (Volcano)
  An electric eel (D:12)
  8 howler monkeys
  A bullfrog zombie (D:5)
  7 hounds
  4 jellies
  2 quasits (D:7)
  21 orc priests
  A bullfrog skeleton (D:5)
  Terence (D:2)
  5 iguanas
  15 orc wizards
  2 naga skeletons (Volcano)
  2 hound skeletons (D:5)
  A mummy (D:6)
  9 adders
  6 gnolls
  3 shadow imps (D:7)
  7 white imps
  An ufetubus (D:7)
  An adder zombie (D:5)
  A worm (D:5)
  3 dart slugs
  57 orcs
  5 endoplasms
  3 giant cockroaches
  11 goblins
  8 hobgoblins
  3 jackals (D:4)
  13 kobolds
  3 quokkas
  6 ball pythons
  8 bats
  7 frilled lizards
  6 rats
390 creatures vanquished.

Vanquished Creatures (others)
  A deep elf pyromancer (D:12)
1 creature vanquished.

Grand Total: 391 creatures vanquished

Notes
Turn   | Place    | Note
-------+----------+-------------------------------------------
     0 | D:1      | olourkin the Minotaur Berserker began the quest for the
                  | Orb.
     0 | D:1      | Reached XP level 1. HP: 19/19 MP: 0/0
    83 | D:1      | Reached XP level 2. HP: 27/27 MP: 1/1
   192 | D:1      | Reached skill level 4 in Axes
   486 | D:1      | Reached XP level 3. HP: 30/33 MP: 2/2
   691 | D:1      | Reached ** piety under Trog
   869 | D:2      | Noticed Terence
  1242 | D:2      | Reached skill level 5 in Axes
  1299 | D:2      | Killed Terence
  1300 | D:2      | Reached XP level 4. HP: 40/40 MP: 3/3
  1388 | D:2      | Found a hide-covered altar of Uskayaw.
  1798 | D:3      | Reached skill level 6 in Axes
  2030 | D:3      | Reached XP level 5. HP: 46/46 MP: 4/4
  2127 | D:3      | Reached *** piety under Trog
  2547 | D:4      | Reached skill level 1 in Shields
  2651 | D:4      | Reached skill level 7 in Axes
  2812 | D:4      | Found a burning altar of Makhleb.
  3033 | D:4      | Found a staircase to the Ecumenical Temple.
  3188 | D:5      | Entered Level 5 of the Dungeon
  3217 | D:5      | Reached XP level 6. HP: 41/52 MP: 5/5
  3551 | D:5      | Reached skill level 8 in Axes
  3613 | D:5      | Reached XP level 7. HP: 59/59 MP: 6/6
  3639 | D:5      | HP: 2/59 [poisoned by a killer bee]
  3643 | D:5      | Reached skill level 9 in Axes
  3652 | D:5      | HP: 4/88 [poisoned by a killer bee]
  3656 | D:5      | HP: 1/88 [poisoned by a killer bee]
  3824 | D:5      | Reached skill level 5 in Shields
  3880 | D:5      | Reached skill level 10 in Axes
  3880 | D:5      | Reached XP level 8. HP: 64/66 MP: 7/7
  4588 | D:6      | Reached skill level 11 in Axes
  5001 | D:6      | Found a sparkling altar of Nemelex Xobeh.
  5335 | D:6      | Noticed Maggie
  5363 | D:6      | Killed Maggie
  5364 | D:6      | Reached skill level 12 in Axes
  5364 | D:6      | Reached XP level 9. HP: 11/71 MP: 8/8
  5710 | D:6      | Found a sacrificial altar of Ru.
  5781 | D:6      | Found a snail-covered altar of Cheibriados.
  5861 | D:7      | Reached **** piety under Trog
  6407 | D:7      | Found a basalt altar of Yredelemnul.
  7263 | D:8      | Reached skill level 13 in Axes
  7268 | D:8      | Reached skill level 5 in Fighting
  7739 | D:8      | Reached skill level 5 in Armour
  7739 | D:8      | Reached XP level 10. HP: 83/83 MP: 9/9
  7873 | D:8      | Found a hazy altar of Hepliaklqana.
  8164 | D:9      | Reached ***** piety under Trog
  8581 | D:9      | Reached skill level 5 in Dodging
  8581 | D:9      | Noticed a two-headed ogre
  8610 | D:9      | Killed a two-headed ogre
  8611 | D:9      | Reached skill level 14 in Axes
  9416 | D:10     | Entered Level 10 of the Dungeon
  9495 | D:10     | Noticed a two-headed ogre
  9511 | D:10     | Killed a two-headed ogre
  9597 | D:10     | Found a staircase to the Lair.
  9607 | D:10     | Found a portal to a secret trove of treasure.
  9621 | D:10     | Reached skill level 15 in Axes
  9671 | D:10     | Found a glowing golden altar of the Shining One.
  9754 | D:10     | Found a stormy altar of Qazlal.
  9755 | D:10     | Found a hide-covered altar of Uskayaw.
  9755 | D:10     | Found an iron altar of Okawaru.
 10156 | D:10     | Reached XP level 11. HP: 63/93 MP: 10/10
 10534 | D:11     | Found a broken altar of Ashenzari.
 11004 | D:11     | Found a staircase to the Orcish Mines.
 11164 | D:12     | Noticed a deep elf pyromancer
 11196 | Orc:1    | Entered Level 1 of the Orcish Mines
 11314 | Orc:1    | Found a dark tunnel.
 11347 | Volcano  | Entered a volcano
 11560 | Volcano  | Noticed a skeletal warrior
 11574 | Volcano  | Killed a skeletal warrior
 11575 | Volcano  | Reached skill level 1 in Throwing
 11831 | Volcano  | Noticed a skeletal warrior
 11840 | Volcano  | Killed a skeletal warrior
 12329 | Orc:1    | Found a transporter.
 12348 | Orc:1    | Found a transporter.
 12348 | Orc:1    | Noticed an orc knight
 12348 | Orc:1    | Noticed an orc knight
 12355 | Orc:1    | Found a transporter.
 12359 | Orc:1    | Found an ornate altar of the Wu Jian Council.
 12361 | Orc:1    | Found a transporter.
 12440 | Orc:1    | Noticed an orc sorcerer
 12480 | Orc:1    | Killed an orc sorcerer
 12726 | Orc:1    | Found an ornate altar of the Wu Jian Council.
 12726 | Orc:1    | Noticed an orc warlord
 12802 | Orc:2    | Entered Level 2 of the Orcish Mines
 12802 | Orc:2    | Found a staircase to the Elven Halls.
 12814 | Orc:2    | Found a shimmering altar of Xom.
 13017 | Orc:2    | Noticed an orc warlord
 13226 | Orc:1    | Received a gift from Trog
 13233 | Orc:2    | Reached XP level 12. HP: 81/106 MP: 11/11
 13474 | Orc:1    | Reached skill level 10 in Fighting
 13696 | Orc:1    | Killed an orc warlord
 13932 | Orc:2    | Noticed an orc warlord
 13968 | Orc:1    | Killed an orc warlord
 14307 | Orc:2    | Reached skill level 5 in Throwing
 14371 | Orc:2    | Reached skill level 10 in Shields
 14502 | Orc:2    | Noticed an orc high priest
 14519 | Orc:2    | Killed an orc high priest
 14565 | Orc:2    | Noticed an orc high priest
 14615 | Orc:2    | Killed an orc high priest
 14691 | Orc:2    | Paralysed by an orc sorcerer for 4 turns
 14810 | Orc:2    | Received a gift from Trog
 15016 | Orc:2    | Reached skill level 16 in Axes
 15093 | Orc:2    | Found Sotiosadgh's Assorted Antiques.
 15113 | Orc:2    | Noticed an orc high priest
 15217 | Orc:2    | Killed an orc high priest
 15503 | Orc:2    | Found Yrequeg's General Store.
 15504 | Orc:2    | Found Etuo's Book Boutique.
 15505 | Orc:2    | Found Yfous's Antique Armour Shop.
 15505 | Orc:2    | Found Biebenne's Antique Weapon Shop.
 15521 | Orc:2    | Bought a scroll of fear for 52 gold pieces
 15529 | Orc:2    | Bought a glimmering cloak for 256 gold pieces
 15529 | Orc:2    | Identified the +0 cloak of Immorality {+Blink Will+ Str+4}
                  | (You bought it in a shop on level 2 of the Orcish Mines)
 15829 | Orc:2    | Bought a scroll labelled BENERCHAYSHREL for 24 gold pieces
 16168 | D:11     | Reached skill level 1 in Evocations
 16325 | D:12     | Identified the +0 buckler of the Louse {rPois rCorr Dex+8
                  | Slay-3}
 16393 | D:12     | Reached XP level 13. HP: 118/118 MP: 4/12
 16823 | D:12     | Incinerated by a deep elf pyromancer

Illustrated notes

Levels and vault maps discovered:
D:1:      dpeg_chamrin_arrival_tetris, layout_basic, minmay_misc_feat_columns
D:2:      layout_rooms, basic_altar, uniq_terence
D:3:      layout_basic
D:4:      layout_rooms, mainiacjoe_overflow_paths, lemuel_temple_firewalk_b
D:5:      layout_loops_cross, serial_undead, serial_undead_b, serial_undead_b,
          serial_undead_f, serial_undead_b, serial_undead_c, serial_undead_a
D:6:      layout_loops_cross, nemelex_diamond_rough_becter, slow_altar_2,
          kennysheep_mini_moat, minmay_pentangle, uniq_maggie
D:7:      layout_cave_pods, amcnicky_altar_gilded, serial_demonic,
          serial_demonic_d, serial_demonic_g, serial_demonic_c, serial_demonic_f
D:8:      layout_loops_ring, mainiacjoe_overflow_chevrons, st_stairs_8
D:9:      layout_loops_corners
D:10:     layout_basic, chequers_temple_overflow_statue_of_worship,
          mainiacjoe_overflow_concentric_impassable, minmay_lair_entry_grove,
          nicolae_trove_entry_free_sample, minmay_misc_feat_more_columns
D:11:     layout_rooms, orc_0_dummy, cheibrodos_ashenzari_chains
D:12:     cheibrodos_wizards_tower, layout_stronghold, kennysheep_nondescript
Orc:1:    dreamdust_wu_jian_sword_trials, layout_diamond_mine, enter_volcano_2
Orc:2:    st_orc_congregation, layout_caves, serial_shops, shop, basic_altar

Skill      XL: |  1  2  3  4  5  6  7  8  9 10 11 12 13 |
---------------+----------------------------------------+-----
Axes           | 4 5 6 7 8 10 12 13 15 16 | 16.4
Fighting       | 4 5 7 9 12 | 12.1
Shields        | 2 3 5 7 8 11 | 11.4
Armour         | 5 7 8 |  8.0
Dodging        | 4 6 7 |  7.3
Throwing       | 3 6 7 |  7.1
Evocations     | 1 |  1.8

Action                     |  1- 3 |  4- 6 |  7- 9 | 10-12 | 13-15 || total
---------------------------+-------+-------+-------+-------+-------++-------
  Melee: Hand axe          |    76 |   110 |       |       |       ||   186
         Headbutt          |     6 |    28 |    57 |   182 |     5 ||   278
         Punch             |     1 |       |       |       |       ||     1
         Mace              |       |    64 |   307 |   316 |       ||   687
         War axe           |       |       |       |   352 |       ||   352
         Broad axe         |       |       |       |   104 |    19 ||   123
  Throw: Stone             |     1 |    12 |     1 |     9 |       ||    23
         Boomerang         |       |       |       |    62 |    19 ||    81
         Dart              |       |       |       |    21 |       ||    21
 Invoke: Berserk           |     1 |       |     6 |     6 |       ||    13
         Trog's Hand       |       |       |     2 |     2 |       ||     4
  Evoke: Wand              |       |       |     3 |     2 |       ||     5
    Use: Potion            |       |       |     4 |     2 |     2 ||     8
         Scroll            |       |       |    16 |     9 |       ||    25
   Stab: Sleeping          |       |     2 |       |     1 |       ||     3
 Armour: Animal skin       |    42 |    89 |    94 |       |       ||   225
         Steam dragon scal |       |       |    92 |   265 |       ||   357
         Plate armour      |       |       |       |    92 |    14 ||   106
  Dodge: Dodged            |    50 |    68 |   123 |   203 |     7 ||   451
  Block: Kite shield       |       |    53 |   182 |   574 |    17 ||   826
         Reflection        |       |       |     8 |    33 |     4 ||    45

Table legend: (Time is in decaauts)
 A = Elapsed time spent in this place.
 B = Non-inter-level travel time spent in this place.
 C = Inter-level travel time spent in this place.
 D = Time resting spent in this place.
 E = Time spent auto-exploring this place.
 F = Levels seen in this place.
 G = Mean time per level.
                   A        B        C        D        E       F      G
               +--------+--------+--------+--------+--------+-----+--------+
         Total |  16950 |  15992 |    958 |   4425 |   7884 |  15 | 1130.0 |
       Dungeon |  12134 |  11603 |    531 |   2713 |   6574 |  12 | 1011.2 |
  Orcish Mines |   4054 |   3627 |    427 |   1518 |    977 |   2 | 2027.0 |
       Volcano |    761 |    761 |      0 |    193 |    333 |   1 |  761.0 |
               +--------+--------+--------+--------+--------+-----+--------+

Top non-repeatable levels by time:
   Orc:1: 2493 daAuts
     D:6: 1883 daAuts
   Orc:2: 1561 daAuts
     D:7: 1231 daAuts
     D:9: 1117 daAuts
     D:1: 1104 daAuts
     D:8: 1092 daAuts
     D:5: 1042 daAuts
    D:10: 1014 daAuts
    D:11: 923 daAuts
     D:3: 818 daAuts
 Volcano: 761 daAuts
     D:2: 675 daAuts
     D:4: 620 daAuts
    D:12: 608 daAuts
